 Dungeon Crawl Stone Soup version 0.30.0-30-g96aa6591b8 (webtiles) character file.

Game seed: 9585282548763205334

6015 Tirrikindir the Carver (level 10, -8/69 HPs)
             Began as an Octopode Fighter on June 30, 2023.
             Was a Priest of Trog.
             Mangled by a boulder beetle (11 damage)
             ... on level 10 of the Dungeon.
             The game lasted 00:20:11 (9779 turns).

Tirrikindir the Carver (Octopode Fighter)           Turns: 9779, Time: 00:20:11

Health: -8/69      AC:  3    Str: 17    XL:     10   Next: 86%
Magic:  19/19      EV: 15    Int: 13    God:    Trog [***...]
Gold:   292        SH:  6    Dex: 15    Spells: 9/9 levels left

rFire   + . .        a - +4 scimitar
rCold   . . .        b - +0 buckler
rNeg    . . .        C - +2 hat {Int+3}
rPois   .            G - amulet of faith
rElec   .            d - ring of protection from fire
rCorr   .            i - ring of see invisible
SInv    +            s - ring of magical power
Will    ++...        t - ring of flight
Stlth   +++++        (no ring)
HPRegen 1.31/turn    (no ring)
MPRegen 0.16/turn    (no ring)
                     (no ring)

%: faith
@: about to teleport, strong-willed, on berserk cooldown, flying, regenerating,
slowed, very slow
A: almost no armour, amphibious, 8 rings, camouflage 1, gelatinous body 1,
(nimble swimmer 1), tentacles
a: Renounce Religion, Berserk, Trog's Hand


You were on level 10 of the Dungeon.
You worshipped Trog.
Trog was most pleased with you.
You visited 2 branches of the dungeon, and saw 11 of its levels.

You collected 583 gold pieces.
You spent 291 gold pieces at shops.

Inventory:

Hand Weapons
 a - a +4 scimitar (weapon)
 r - a +4 short sword
Missiles
 u - 10 boomerangs (quivered)
Armour
 b - a +0 buckler (worn)
 B - a +0 tower shield
 C - a +2 hat of intelligence (worn)
Jewellery
 d - a ring of protection from fire (left tentacle)
 i - a ring of see invisible (right tentacle)
 s - a ring of magical power (on tentacle)
 t - a ring of flight (on tentacle)
 A - a ring of fire
 D - an amulet of guardian spirit
 G - an amulet of faith (around mantle)
Wands
 h - a wand of roots (12)
 v - a wand of mindburst (11)
 F - a wand of light (6)
Scrolls
 e - 3 scrolls of poison
 k - 2 scrolls of teleportation
 l - 2 scrolls of fog
 o - 2 scrolls of fear
 p - a scroll of immolation
 q - 3 scrolls of enchant armour
 x - a scroll of vulnerability
 y - 10 scrolls of identify
 z - 2 scrolls of blinking
Potions
 c - 5 potions of might
 f - 4 potions of curing
 g - a potion of brilliance
 j - 5 potions of haste
 m - a potion of resistance
 n - 6 potions of flight
 w - 2 potions of magic


   Skills:
 * Level 6.9 Fighting
 * Level 11.0 Long Blades
 * Level 6.2 Dodging
 + Level 7.6 Stealth
 * Level 6.2 Shields
 + Level 3.4 Evocations


You had 9 spell levels left.
You didn't know any spells.
Your spell library was empty.

Dungeon Overview and Level Annotations

Branches:
Dungeon (10/15)            Temple (1/1) D:7            Lair (0/5) D:9
    Orc: D:9-12

Altars:
Ashenzari
Cheibriados
Dithmenos
Elyvilon
Fedhas
Gozag
Hepliaklqana
Kikubaaqudgha
Makhleb
Nemelex Xobeh
Okawaru
Qazlal
Ru
Sif Muna
Trog
Uskayaw
Vehumet
Wu Jian
Xom
Yredelemnul
Zin
The Shining One

Shops:
D:1 ?


Innate Abilities, Weirdness & Mutations

You cannot wear most types of armour.
You are amphibious.
You can wear up to eight rings at the same time.
Your skin changes colour to match your surroundings (Stealth+).
Your rubbery body absorbs attacks. (AC +1, EV +1)
((You are camouflaged when in or above water. (Stealth+)))
You have tentacles for arms and can constrict up to eight enemies at once.


Message History

You finish putting on your amulet of faith.
You feel a surge of divine interest.
G - an amulet of faith (around mantle)
Okay, then.
Things that are here:
a +0 mace; a +0 robe
Things that are here:
a +2 hand axe; a +0 robe The boulder beetle curls into a ball and begins rolling!
You're still recovering from your berserk rage.
The boulder beetle hits you!!!
Ouch! That really hurt!
The boulder beetle stops rolling and uncurls.
Things that are here:
a +2 hand axe; a +0 robe The boulder beetle attacks as you move away!
You block the boulder beetle's attack. The boulder beetle bites you!
Things that are here:
a +0 mace; a +0 robe You hit the boulder beetle.
The boulder beetle is lightly wounded.
A wight comes into view. It is wielding a +3 battleaxe.
You block the boulder beetle's attack.
You slash the boulder beetle!
The boulder beetle is lightly wounded.
The boulder beetle bites you!
* * * LOW HITPOINT WARNING * * *
You feel much better. The boulder beetle bites you!
* * * LOW HITPOINT WARNING * * *
A wight comes into view. It is wielding a +0 hand axe.
The boulder beetle barely misses you.
Your skin crawls.
You feel strong-willed. The boulder beetle bites you!
* * * LOW HITPOINT WARNING * * *
As you read the scroll of teleportation, it crumbles to dust.
You feel strangely unstable. The boulder beetle bites you.
* * * LOW HITPOINT WARNING * * *
The wight completely misses you. The boulder beetle bites you!
You die...

# #.##.##>## ###.
#.####....##... .#
#.................
#..........####..
##(........<# ...
#...........##.####.
#.#.......z.#......z
##.#..#####zz........
#.........@B#.°......
#.#..########..°.....
#.# #........
#........ .........
#........ ##....?..
#.....#


You could see a boulder beetle and 3 wights.

Vanquished Creatures
  Erolcha (D:9)
  A troll (D:9)
  A hornet (D:8)
  Sigmund (D:5)
  2 wraiths (D:9)
  A wyvern (D:9)
  3 yaks (D:10)
  4 vampire mosquitoes (D:8)
  2 steam dragons
  A water moccasin (D:8)
  An acid dragon (D:7)
  2 ice beasts
  2 sky beasts
  2 centaurs
  2 ogres
  2 kobold brigands
  A bullfrog (D:6)
  2 scorpions
  13 wights
  11 killer bees (D:9)
  6 orc priests
  3 hounds
  5 jellies
  An iguana (D:6)
  7 orc wizards
  A sleepcap (D:6)
  4 adders
  3 white imps
  2 ufetubi
  A worm (D:4)
  A dart slug (D:1)
  24 orcs
  6 ball pythons
  2 bats
  14 endoplasms
  A giant cockroach (D:2)
  9 goblins
  8 hobgoblins
  8 jackals
  20 kobolds
  3 quokkas
  A frilled lizard (D:3)
  8 rats
193 creatures vanquished.

Notes
Turn   | Place    | Note
-------+----------+-------------------------------------------
     0 | D:1      | Tirrikindir the Octopode Fighter began the quest for the
                  | Orb.
     0 | D:1      | Reached XP level 1. HP: 16/16 MP: 1/1
    92 | D:1      | Reached XP level 2. HP: 18/21 MP: 2/2
   217 | D:1      | Found Foesurchomo's Magic Scroll Emporium.
   252 | D:1      | Reached skill level 1 in Stealth
   328 | D:1      | Reached XP level 3. HP: 18/26 MP: 3/3
   520 | D:1      | Found a faded altar of an unknown god.
   529 | D:1      | Prayed at the altar of an unknown god.
   529 | D:1      | Became a worshipper of Trog the Wrathful
   529 | D:1      | Reached * piety under Trog
   640 | D:1      | Bought a scroll of teleportation for 33 gold pieces
   685 | D:1      | Bought a scroll of identify for 22 gold pieces
  1104 | D:2      | Reached skill level 3 in Long Blades
  1104 | D:2      | Reached XP level 4. HP: 22/31 MP: 4/4
  1229 | D:2      | Reached ** piety under Trog
  1575 | D:1      | Bought a scroll of immolation for 44 gold pieces
  1773 | D:3      | Reached XP level 5. HP: 36/36 MP: 5/5
  2171 | D:1      | Bought a scroll of enchant armour for 82 gold pieces
  2543 | D:4      | Reached XP level 6. HP: 32/43 MP: 6/6
  2704 | D:4      | Reached skill level 4 in Long Blades
  2952 | D:4      | Found an ornate altar of the Wu Jian Council.
  2957 | D:4      | Noticed a spectral centipede
  2957 | D:4      | Noticed a spectral black mamba
  2957 | D:4      | Noticed a spectral cane toad
  3236 | D:1      | Bought 3 scrolls of identify for 66 gold pieces
  3236 | D:1      | Bought a scroll of identify for 22 gold pieces
  3317 | D:5      | Entered Level 5 of the Dungeon
  3317 | D:5      | Found the +5 woodcutter's axe
  3403 | D:5      | Found a glowing golden altar of the Shining One.
  3418 | D:5      | Noticed an ice beast
  3433 | D:5      | Killed an ice beast
  3434 | D:5      | Reached XP level 7. HP: 40/48 MP: 7/7
  3548 | D:5      | Reached skill level 5 in Long Blades
  3598 | D:5      | Noticed Sigmund
  3605 | D:5      | Killed Sigmund
  3606 | D:5      | Reached skill level 5 in Stealth
  4064 | D:1      | Bought a scroll of identify for 22 gold pieces
  4183 | D:6      | Found a shadowy altar of Dithmenos.
  4375 | D:6      | Reached XP level 8. HP: 42/54 MP: 8/8
  4379 | D:6      | Reached skill level 6 in Long Blades
  4441 | D:6      | Reached skill level 5 in Fighting
  4573 | D:6      | Found a blossoming altar of Fedhas.
  4585 | D:6      | Found a shimmering altar of Xom.
  4613 | D:6      | Reached skill level 7 in Long Blades
  4709 | D:6      | Found an ancient bone altar of Kikubaaqudgha.
  4728 | D:6      | Reached *** piety under Trog
  5634 | D:7      | Found a staircase to the Ecumenical Temple.
  5977 | D:7      | Reached skill level 8 in Long Blades
  6097 | D:7      | Found a bloodstained altar of Trog.
  6097 | D:7      | Found a faded altar of an unknown god.
  6106 | D:7      | Found a broken altar of Ashenzari.
  6108 | D:7      | Found a snail-covered altar of Cheibriados.
  6109 | D:7      | Found a faded altar of an unknown god.
  6244 | D:7      | HP: 3/82 [acid dragon (3)]
  6246 | D:7      | Reached XP level 9. HP: 4/61 MP: 9/9
  6753 | D:8      | Reached skill level 9 in Long Blades
  6816 | D:8      | Noticed a hornet
  6824 | D:8      | Killed a hornet
  6874 | D:8      | Reached skill level 10 in Long Blades
  7009 | D:8      | Reached skill level 1 in Evocations
  7877 | Temple   | Entered the Ecumenical Temple
  8139 | D:9      | Reached skill level 5 in Shields
  8139 | D:9      | Reached XP level 10. HP: 63/68 MP: 10/10
  8143 | D:9      | Reached skill level 5 in Dodging
  8557 | D:9      | Found an opulent altar of Gozag.
  8667 | D:9      | Found a staircase to the Lair.
  9258 | D:9      | Noticed Erolcha
  9270 | D:9      | Killed Erolcha
  9634 | D:10     | Entered Level 10 of the Dungeon
  9647 | D:10     | Reached skill level 11 in Long Blades
  9734 | D:10     | Noticed a boulder beetle
  9779 | D:10     | HP: 3/69 [boulder beetle (6)]
  9779 | D:10     | Mangled by a boulder beetle

Illustrated notes

Levels and vault maps discovered:
D:1:      ebering_trefoil_twist, layout_basic,
          dreamdust_ecumenical_altar_angels_and_demons, serial_shops, shop,
          hangedman_decor_slide_cut, st_stairs_10
D:2:      layout_loops_ring, serial_glass, glass_columns_a, glass_columns_b
D:3:      layout_basic
D:4:      layout_cave_pods, pdpol_wu_jian_five_deadly_venoms
D:5:      layout_basic, nicolae_overflow_crystal_walls, uniq_sigmund
D:6:      layout_cave_pods, nicolae_kikubaaqudgha_miasma_corner,
          mainiacjoe_overflow_tiny_flanked, mainiacjoe_overflow_catch_the_wave
D:7:      layout_loops_corners, chequers_temple_overflow_minitemple,
          minmay_temple_entry_mist
D:8:      layout_gridville
D:9:      layout_loops_corners, grunt_gozag_statues, lair_entry_dummy,
          hangedman_decor_lopped, uniq_erolcha
D:10:     layout_rooms, orc_0_dummy
Temple:   nicolae_temple_godzebo

Skill      XL: |  1  2  3  4  5  6  7  8  9 10 |
---------------+-------------------------------+-----
Stealth        | 1 2 3 4 5 6 7 |  7.6
Long Blades    | 3 4 5 8 10 11 | 11.0
Fighting       | 4 5 6 |  6.9
Dodging        | 4 6 |  6.2
Shields        | 4 5 6 |  6.2
Evocations     | 2 3 |  3.4

Action                     |  1- 3 |  4- 6 |  7- 9 | 10-12 || total
---------------------------+-------+-------+-------+-------++-------
  Melee: Long sword        |    79 |   100 |   162 |    87 ||   428
         Tentacles         |    18 |    21 |    46 |    37 ||   122
         Constrict         |    19 |    17 |    33 |    26 ||    95
         Punch             |       |     1 |     4 |     1 ||     6
         Scimitar          |       |       |       |    43 ||    43
  Throw: Boomerang         |       |       |     4 |     6 ||    10
 Invoke: Berserk           |       |     2 |     8 |     5 ||    15
         Trog's Hand       |       |       |       |     1 ||     1
    Use: Scroll            |     1 |    12 |     3 |     1 ||    17
         Potion            |       |     1 |     1 |     1 ||     3
   Stab: Sleeping          |     2 |     6 |     9 |     1 ||    18
         Distracted        |       |       |       |     2 ||     2
 Armour: Skin              |     9 |    14 |    23 |    13 ||    59
  Dodge: Dodged            |    50 |    43 |    92 |    57 ||   242
  Block: Buckler           |    16 |    26 |    33 |    25 ||   100
